 Seeded DCSS version 0.30-a0-368-g86fb4627a9 (webtiles) character file.

Game seed: 4866231847754521613 (custom seed)

247 purpskrrrp the Cleaver (level 5, 0/47 HPs)
             Began as a Minotaur Monk on Nov 18, 2022.
             Slain by Grinder (9 damage)
             ... on level 4 of the Dungeon.
             The game lasted 00:04:35 (3289 turns).

purpskrrrp the Cleaver (Minotaur Monk)              Turns: 3289, Time: 00:04:36

Health: 0/47       AC:  8    Str: 17    XL:     5   Next: 85%
Magic:  13/13      EV:  8    Int:  7    God:
Gold:   280        SH:  0    Dex: 13    Spells: 4/4 levels left

rFire   + . .      SeeInvis +    a - +0 hand axe
rCold   . . .      Faith    .    (no shield)
rNeg    . . .      Spirit   .    p - +0 chain mail
rPois   .          Reflect  .    (helmet restricted)
rElec   .          Harm     .    (no cloak)
rCorr   .          Rampage  .    (no gloves)
Will    +....                    (no boots)
Stlth   ..........               (no amulet)
HPRegen 0.27/turn                m - ring of see invisible
MPRegen 0.13/turn                k - ring of Eternity {rF+ Will+ MP+9}

@: studying Axes
A: horns 2, retaliatory headbutt
a: no special abilities


You were on level 4 of the Dungeon.
You visited 1 branch of the dungeon, and saw 4 of its levels.

You collected 280 gold pieces.

Inventory:

Hand Weapons
 a - a +0 hand axe (weapon)
Armour
 b - a +0 robe
 p - a +0 chain mail (worn)
Jewellery
 j - a ring of ice
 k - the ring of Eternity (right hand) {rF+ Will+ MP+9}
   (You acquired it on level 2 of the Dungeon)

   [ring of willpower]

   rF:        It protects you from fire.
   MP:        It affects your magic capacity (+9).
   Will:      It increases your willpower.
 m - a ring of see invisible (left hand)
Wands
 r - a wand of flame (15)
Scrolls
 f - 2 scrolls of enchant armour {unknown}
 g - 3 scrolls of teleportation
 h - 6 scrolls of identify {unknown}
 i - 2 scrolls of magic mapping {unknown}
 n - 2 scrolls of poison {unknown}
 o - a scroll of noise {unknown}
 s - a scroll of brand weapon {unknown}
 t - a scroll of amnesia {unknown}
 u - a scroll of torment {unknown}
Potions
 c - 2 potions of attraction {unknown}
 d - 3 potions of mutation {unknown}
 e - 2 potions of degeneration {unknown}
 l - 3 potions of lignification {unknown}
 q - a potion of curing {unknown}
 v - a potion of invisibility {unknown}
 w - a potion of resistance {unknown}
 x - 2 potions of haste {unknown}


   Skills:
 + Level 4.4 Fighting
 * Level 8.0 Axes
 + Level 2.1 Armour
 - Level 3.2 Dodging
 - Level 1.5 Stealth


You had 4 spell levels left.
You didn't know any spells.
Your spell library contained the following spells:

 Spells                   Type           Power      Damage    Failure   Level
 Gell's Gravitas          Tloc           0%         N/A       100%        3
 Lesser Beckoning         Tloc           0%         N/A       100%        3
 Teleport Other           Tloc           0%         N/A       100%        3
 Animate Armour           Summ/Erth      0%         N/A       100%        4
 Blade Hands              Tmut           0%         N/A       100%        5
 Iron Shot                Conj/Erth      0%         9d1       100%        6


Dungeon Overview and Level Annotations

Branches:
Dungeon (4/15)
 Temple: D:4-7

Altars:
Hepliaklqana

Annotations:
D:4 Dowan, Duvessa, Grinder, Natasha


Innate Abilities, Weirdness & Mutations

You have a pair of horns on your head.
You reflexively headbutt those who attack you in melee.


Message History

Grinder gestures at you.
You suddenly lose the ability to move!
Grinder blinks! x2
You can move again.
Grinder says, "Mostly I couldn't keep them alive."
Grinder rolls her eyes.
Grinder says, "There's only one good use for a tongue: cutting it out."
Grinder hits you but does no damage.
You closely miss Grinder.
Grinder is lightly wounded.
Grinder barely misses you.
You barely miss Grinder.
Grinder is lightly wounded.
Grinder gestures at you.
You suddenly lose the ability to move!
Grinder gestures at you.
You shrug off the repeated paralysis!
Grinder hits you.
You writhe in agony.
Grinder hits you.
You writhe in agony.
You can move again.
You slash Grinder!
Grinder is moderately wounded.
Grinder hits you.
You writhe in agony.
You hit Grinder.
Grinder is moderately wounded.
Grinder hits you.
You writhe in agony.
* * * LOW HITPOINT WARNING * * *
You hit Grinder.
Grinder is heavily wounded.
You hit Grinder but do no damage.
Grinder is heavily wounded.
Grinder hits you.
* * * LOW HITPOINT WARNING * * *
You hit Grinder.
Grinder is heavily wounded.
Grinder hits you but does no damage.
You barely miss Grinder. You headbutt Grinder.
Grinder is severely wounded.
Grinder hits you!
You die...

.......
..... ...
#.# #.#
#.# #.#
#5# #@#
#.# #.#
##.##
#...####
#......#
#........#
####.#.#.#
#.#.#.#


You could see Grinder.

Vanquished Creatures
  A jelly (D:4)
  An orc wizard (D:3)
  An iguana (D:2)
  Natasha (D:4)
  5 adders
  2 dart slugs (D:1)
  9 orcs
  7 endoplasms
  2 giant cockroaches (D:3)
  7 goblins
  7 hobgoblins
  4 jackals (D:1)
  7 kobolds
  2 quokkas
  5 ball pythons
  10 bats
  A frilled lizard (D:1)
  7 rats
79 creatures vanquished.

Vanquished Creatures (others)
  2 withered plants (D:3)
2 creatures vanquished.

Grand Total: 81 creatures vanquished

Notes
Turn   | Place    | Note
-------+----------+-------------------------------------------
     0 | D:1      | purpskrrrp the Minotaur Monk began the quest for the Orb.
     0 | D:1      | Reached XP level 1. HP: 19/19 MP: 0/0
    89 | D:1      | Reached skill level 4 in Axes
   112 | D:1      | Reached XP level 2. HP: 20/26 MP: 1/1
   313 | D:1      | Reached skill level 5 in Axes
   385 | D:1      | Reached XP level 3. HP: 31/31 MP: 2/2
  1019 | D:2      | Reached skill level 6 in Axes
  1019 | D:2      | Reached XP level 4. HP: 29/39 MP: 3/3
  1711 | D:2      | Identified 2 scrolls of acquirement
  1711 | D:2      | Acquired a manual of Axes
  1713 | D:2      | Acquired the ring of Eternity {rF+ Will+ MP+9}
  2097 | D:3      | Reached skill level 7 in Axes
  2097 | D:3      | Reached skill level 1 in Armour
  2097 | D:3      | Reached XP level 5. HP: 35/46 MP: 4/4
  2432 | D:3      | Found a faded altar of an unknown god.
  2764 | D:3      | Found a hazy altar of Hepliaklqana.
  3096 | D:4      | Noticed Natasha
  3101 | D:4      | Killed Natasha
  3117 | D:4      | Reached skill level 8 in Axes
  3244 | D:4      | Noticed Dowan
  3244 | D:4      | Noticed Duvessa
  3247 | D:4      | Noticed Natasha
  3257 | D:4      | Noticed Grinder
  3262 | D:4      | Paralysed by Grinder for 5 turns
  3280 | D:4      | Paralysed by Grinder for 3 turns
  3289 | D:4      | Slain by Grinder

Illustrated notes

Levels and vault maps discovered:
D:1:      dpeg_arrival_arbitrary_c, layout_basic
D:2:      layout_loops_ring, kennysheep_minor_cross
D:3:      minmay_chambers_of_twos, layout_loops_ring, overflow_temple_1_default,
          ebering_ecumenical_altar_petrified
D:4:      layout_loops_cross, gammafunk_temple_overflow_elements, dk_vineyard_3,
          uniq_grinder, uniq_natasha, uniq_duvessa

Skill      XL: |  1  2  3  4  5 |
---------------+----------------+-----
Axes           | 4 5 6 7 8 |  8.0
Armour         | 1 2 |  2.1
Fighting       | 4 |  4.4
Dodging        | |  3.2
Stealth        | |  1.5

Action                   |  1- 3 |  4- 6 || total
-------------------------+-------+-------++-------
Melee: Hand axe          |    70 |   120 ||   190
       Headbutt          |    16 |    20 ||    36
  Use: Potion            |     1 |       ||     1
       Scroll            |       |     3 ||     3
 Stab: Sleeping          |       |     7 ||     7
Armor: Robe              |    19 |     5 ||    24
       Chain mail        |       |    39 ||    39
Dodge: Dodged            |    52 |    41 ||    93

Table legend: (Time is in decaauts)
 A = Elapsed time spent in this place.
 B = Non-inter-level travel time spent in this place.
 C = Inter-level travel time spent in this place.
 D = Time resting spent in this place.
 E = Time spent auto-exploring this place.
 F = Levels seen in this place.
 G = Mean time per level.
                   A        B        C        D        E       F      G
               +--------+--------+--------+--------+--------+-----+--------+
         Total |   3285 |   3105 |    180 |    385 |   2179 |   4 |  821.2 |
       Dungeon |   3285 |   3105 |    180 |    385 |   2179 |   4 |  821.2 |
               +--------+--------+--------+--------+--------+-----+--------+

Top non-repeatable levels by time:
     D:3: 1119 daAuts
     D:2: 1102 daAuts
     D:1: 745 daAuts
     D:4: 317 daAuts
